 Dungeon Crawl Stone Soup version 0.31-a0-221-gbddc013574 (webtiles) character file.

Game seed: 7896032586707633242

238 reriks the Sneak (level 6, -2/32 HPs)
             Began as a Kobold Enchanter on July 4, 2023.
             Slain by an ice beast (12 damage)
             ... on level 4 of the Dungeon.
             The game lasted 00:03:17 (1776 turns).

reriks the Sneak (Kobold Enchanter)                 Turns: 1776, Time: 00:03:18

Health: -2/32      AC:  2    Str:  5    XL:     6   Next: 28%
Magic:  10/10      EV: 16    Int: 22    God:
Gold:   108        SH:  0    Dex: 18    Spells: 9/11 levels left

rFire   . . .        a - +1 dagger
rCold   . . .        (no shield)
rNeg    . . .        b - +0 robe
rPois   .            (no helmet)
rElec   .            (no cloak)
rCorr   .            (no gloves)
SInv    .            (no boots)
Will    .....        (no amulet)
Stlth   ++++         f - +6 ring of intelligence
HPRegen 0.25/turn    (no ring)
MPRegen 0.12/turn

%: no passive effects
@: invisible
A: small, no large weapons, nightstalker 3
a: no special abilities


You were on level 4 of the Dungeon.
You visited 1 branch of the dungeon, and saw 5 of its levels.

You collected 108 gold pieces.

Inventory:

Hand Weapons
 a - a +1 dagger (weapon)
Missiles
 i - 3 poisoned darts
Armour
 b - a +0 robe (worn)
Jewellery
 f - a +6 ring of intelligence (left hand)
Wands
 l - a wand of polymorph (10)
Scrolls
 d - 2 scrolls of poison {unknown}
 g - a scroll of amnesia {unknown}
 h - a scroll of revelation {unknown}
 k - a scroll of blinking {unknown}
 n - a scroll of enchant weapon {unknown}
Potions
 c - a potion of invisibility
 e - a potion of heal wounds
 j - a potion of mutation {unknown}
 m - a potion of lignification {unknown}


   Skills:
 + Level 3.2 Short Blades
 + Level 3.7 Dodging
 * Level 6.3 Stealth
 + Level 3.1 Spellcasting
 + Level 3.7 Hexes


You had 9 spell levels left.
You knew the following spells:

 Your Spells              Type           Power      Damage    Failure   Level
a - Ensorcelled Hibernat  Hex/Ice        22%        N/A       9%          2

Your spell library contained the following spells:

 Spells                   Type           Power      Damage    Failure   Level
 Confusing Touch          Hex            20%        N/A       8%          3
 Tukima's Dance           Hex            20%        N/A       8%          3
 Dazzling Flash           Conj/Hex       22%        N/A       17%         3


Dungeon Overview and Level Annotations

Branches:
Dungeon (5/15)
 Temple: D:4-7

Altars:


Innate Abilities, Weirdness & Mutations

You are small and have problems with some larger weapons.
You are completely attuned to the shadows.


Message History

The ice beast is moderately wounded.
The ice beast closely misses you.
You hit the ice beast but do no damage.
The ice beast is moderately wounded.
The ice beast hits you. The ice beast freezes you!
* * * LOW HITPOINT WARNING * * *
You hit the ice beast.
The ice beast is moderately wounded.
The ice beast misses you.
You fade into invisibility!
The ice beast barely misses you.
You barely miss the ice beast.
The ice beast is moderately wounded.
The ice beast closely misses you.
You hit the ice beast but do no damage.
The ice beast is moderately wounded.
The ice beast misses you.
You hit the ice beast but do no damage.
The ice beast is moderately wounded.
You closely miss the ice beast.
The ice beast is moderately wounded.
The ice beast misses you.
You hit the ice beast but do no damage.
The ice beast is moderately wounded.
The ice beast misses you.
You hit the ice beast but do no damage.
The ice beast is moderately wounded.
The ice beast hits you but does no damage.
You hit the ice beast.
The ice beast is heavily wounded.
The ice beast barely misses you.
You hit the ice beast.
The ice beast is heavily wounded.
The ice beast barely misses you.
You hit the ice beast but do no damage.
The ice beast is heavily wounded.
You hit the ice beast but do no damage.
The ice beast is heavily wounded.
The ice beast hits you. The ice beast freezes you!
You die...

...#############
...............#
##'###.........#
..(..#.........+
.....#.....[...#
.....#.........#
.....#.........#############
.....#..........Y..........$
.....#####+####.@..........<
.....# #............. .....#
#..>.......... .....#
#............. ###'##
#............
.....############'#########
.....##.......##...<#......
....................#......
....................'......


You could see an ice beast (unable to see you).

Vanquished Creatures
  An ogre (D:5)
  Blork the orc (D:4)
  A hound (D:4)
  An iguana (D:4)
  An adder (D:4)
  A dart slug (D:5)
  An orc (D:5)
  2 endoplasms
  A giant cockroach (D:1)
  A goblin (D:2)
  2 hobgoblins (D:1)
  A kobold (D:1)
  A quokka (D:1)
  4 ball pythons
  2 bats
  6 frilled lizards (D:1)
  2 rats
29 creatures vanquished.

Notes
Turn   | Place    | Note
-------+----------+-------------------------------------------
     0 | D:1      | reriks the Kobold Enchanter began the quest for the Orb.
     0 | D:1      | Reached XP level 1. HP: 10/10 MP: 3/3
   126 | D:1      | Reached XP level 2. HP: 12/15 MP: 5/5
   195 | D:1      | Learned a level 2 spell: Ensorcelled Hibernation
  1051 | D:2      | Reached XP level 3. HP: 19/19 MP: 6/6
  1055 | D:2      | You fall into a shaft and drop 1 floor!
  1271 | D:5      | Entered Level 5 of the Dungeon
  1271 | D:5      | Noticed an ogre
  1431 | D:4      | Reached skill level 5 in Stealth
  1431 | D:4      | Reached XP level 4. HP: 7/24 MP: 7/7
  1563 | D:4      | Noticed Blork the orc
  1569 | D:4      | Killed Blork the orc
  1570 | D:4      | Reached XP level 5. HP: 28/28 MP: 7/9
  1686 | D:5      | Noticed an ogre
  1690 | D:5      | Killed an ogre
  1691 | D:5      | Reached skill level 6 in Stealth
  1691 | D:5      | Reached XP level 6. HP: 32/32 MP: 10/10
  1723 | D:5      | Noticed an ice beast
  1776 | D:4      | Slain by an ice beast

Illustrated notes

Levels and vault maps discovered:
D:1:      noname_arrival_rooms_in_the_neighbourhood, layout_basic, minivault_27,
          minmay_lizard_pond
D:2:      layout_basic, basic_altar, dreamdust_ecumenical_altar_drowned_temple,
          nicolae_kite_square_tiling_tiny
D:3:      layout_loops_corners, serial_shops,
          nicolae_shop_temple_entry_statues_fountains, uniq_jessica,
          uniq_terence
D:4:      kennysheep_the_goblin_king, layout_gridville,
          mainiacjoe_overflow_alcove_1, uniq_blork_the_orc
D:5:      lemuel_castle_with_subvaults [lemuel_castle_interior_carwin_1],
          layout_layer_cave, nicolae_overflow_crystal_walls, temple_pool_b,
          st_stairs_8

Skill      XL: |  1  2  3  4  5 |
---------------+----------------+-----
Short Blades   | 2 3 |  3.2
Dodging        | 3 |  3.7
Stealth        | 5 6 |  6.3
Spellcasting   | 3 |  3.1
Hexes          | |  3.7

Action                     |  1- 3 |  4- 6 || total
---------------------------+-------+-------++-------
  Melee: Dagger            |    82 |    24 ||   106
    Use: Potion            |     3 |     2 ||     5
   Stab: Sleeping          |    10 |     4 ||    14
 Armour: Robe              |     7 |     2 ||     9
  Dodge: Dodged            |    50 |    22 ||    72

Table legend: (Time is in decaauts)
 A = Elapsed time spent in this place.
 B = Non-inter-level travel time spent in this place.
 C = Inter-level travel time spent in this place.
 D = Time resting spent in this place.
 E = Time spent auto-exploring this place.
 F = Levels seen in this place.
 G = Mean time per level.
                   A        B        C        D        E       F      G
               +--------+--------+--------+--------+--------+-----+--------+
         Total |   1766 |   1608 |    158 |    132 |   1167 |   5 |  353.2 |
       Dungeon |   1766 |   1608 |    158 |    132 |   1167 |   5 |  353.2 |
               +--------+--------+--------+--------+--------+-----+--------+

Top non-repeatable levels by time:
     D:1: 1000 daAuts
     D:4: 479 daAuts
     D:3: 119 daAuts
     D:5: 116 daAuts
     D:2: 50 daAuts
